 Dungeon Crawl Stone Soup version 0.27-a0-1416-g941b2bd30b (webtiles) character file.

Game seed: 15955908045875273454

2678 kae the Cleaver (level 9, -6/84 HPs)
             Began as a Hill Orc Fighter on July 1, 2021.
             Was an Initiate of Qazlal.
             Mangled by a troll (11 damage)
             ... on level 7 of the Dungeon.
             The game lasted 00:04:36 (8188 turns).

kae the Cleaver (Hill Orc Fighter)                  Turns: 8188, Time: 00:04:37

Health: -6/84      AC:  6    Str: 22    XL:     9   Next: 64%
Magic:  0/11       EV:  7    Int:  8    God:    Qazlal [......]
Gold:   297        SH:  9    Dex: 10    Spells: 8/8 levels left

rFire    . . .     SeeInvis .   d - +1 war axe (flame)
rCold    . . .     Faith    .   c - +0 kite shield
rNeg     . . .     Spirit   +   b - +0 scale mail
rPois    .         Reflect  .   (no helmet)
rElec    .         Harm     .   (no cloak)
rCorr    .         Rampage  .   (no gloves)
Will     .....                  (no boots)
Stlth    ..........             f - amulet of guardian spirit
HPRegen  0.24/turn              (no ring)
MPRegen  0.12/turn              (no ring)

@: no status effects
A: no striking features
a: Renounce Religion


You were on level 7 of the Dungeon.
You worshipped Qazlal.
Qazlal was noncommittal.
You visited 2 branches of the dungeon, and saw 8 of its levels.

You collected 297 gold pieces.

Inventory:

Hand Weapons
 a - a +0 war axe
 d - a +1 war axe of flaming (weapon)
Armour
 b - a +0 scale mail (worn)
 c - a +0 kite shield (worn)
Jewellery
 f - an amulet of guardian spirit (around neck)
 h - an amulet of magic regeneration
 j - a ring of fire
Wands
 l - a wand of polymorph (7)
 n - a wand of charming (8)
 o - a wand of digging (3)
Potions
 e - a potion of degeneration
 g - a potion of flight
 i - 7 potions of curing
 k - a potion of lignification
 m - a potion of magic
 p - a potion of brilliance
 q - 3 potions of resistance {unknown}
 r - 3 potions of mutation {unknown}


   Skills:
 + Level 9.4 Fighting
 * Level 13.0 Axes
 - Level 3.2 Armour
 - Level 3.2 Shields
 + Level 3.6 Invocations


You had 8 spell levels left.
You didn't know any spells.
Your spell library contained the following spells:

 Spells                   Type           Power      Damage    Failure   Level
 Beastly Appendage        Tmut           0%         N/A       99%         1
 Shock                    Conj/Air       0%         1d3       99%         1
 Sting                    Tmut/Pois      0%         1d3       99%         1
 Poisonous Vapours        Pois/Air       0%         N/A       100%        2
 Slow                     Hex            0%         N/A       100%        2
 Sublimation of Blood     Necr           0%         N/A       100%        2
 Wereblood                Tmut           0%         N/A       100%        2
 Confusing Touch          Hex            0%         N/A       100%        3
 Conjure Flame            Conj/Fire      0%         6-21      100%        3
 Gell's Gravitas          Tloc           0%         N/A       100%        3
 Ignite Poison            Fire/Tmut/Pois 0%         N/A       100%        3
 Mephitic Cloud           Conj/Pois/Air  0%         N/A       100%        3
 Spider Form              Tmut/Pois      0%         N/A       100%        3
 Swiftness                Air            0%         N/A       100%        3
 Teleport Other           Tloc           0%         N/A       100%        3
 Airstrike                Air            0%         N/A       100%        4
 Cause Fear               Hex            0%         N/A       100%        4
 Olgreb's Toxic Radiance  Pois           0%         N/A       100%        4
 Petrify                  Tmut/Erth      0%         N/A       100%        4
 Sticky Flame             Conj/Fire      0%         2d3       100%        4
 Alistair's Intoxication  Tmut/Pois      0%         N/A       100%        5
 Borgnjor's Vile Clutch   Necr/Erth      0%         N/A       100%        5
 Freezing Cloud           Conj/Ice/Air   0%         6-21      100%        5
 Irradiate                Conj/Tmut      0%         3d13      100%        5
 Yara's Violent Unravell  Hex/Tmut       0%         3d3       100%        5
 Dispersal                Tloc           0%         N/A       100%        6
 Eringya's Noxious Bog    Tmut/Pois      0%         N/A       100%        6
 Dragon Form              Tmut           0%         N/A       100%        7
 Ozocubu's Refrigeration  Ice            0%         4d5       100%        7
 Ignition                 Fire           0%         3d3       100%        8
 Dragon's Call            Summ           0%         N/A       100%        9
 Shatter                  Erth           0%         3d5*      100%        9


Dungeon Overview and Level Annotations

Branches:
Dungeon (7/15)             Temple (1/1) D:6

Altars:
Ashenzari
Cheibriados
Dithmenos
Elyvilon
Fedhas
Gozag
Hepliaklqana
Kikubaaqudgha
Makhleb
Nemelex Xobeh
Okawaru
Qazlal
Ru
Sif Muna
Trog
Uskayaw
Vehumet
Wu Jian
Xom
Yredelemnul
Zin
The Shining One

Annotations:
D:7 1 runed translucent door, Crazy Yiuf


Message History

A troll is nearby!
A troll is nearby!
The troll shouts!
You hit the troll. You burn the troll.
The troll is lightly wounded.
The troll closely misses you. You block the troll's attack.
The troll barely misses you.
You hit the troll. You burn the troll.
The troll is moderately wounded.
You block the troll's attack. x2; The troll claws you but does no damage.
You closely miss the troll.
The troll is moderately wounded.
The troll bites you. You block the troll's attack. The troll claws you.
You are too injured to fight recklessly!
You are too injured to fight recklessly!
You are too injured to fight recklessly!
You closely miss the troll.
The troll is moderately wounded.
The troll bites you! The troll barely misses you. The troll closely misses you.
You hit the troll. You burn the troll.
The troll is moderately wounded.
The troll misses you. The troll barely misses you.
The troll claws you but does no damage.
You hit the troll. You burn the troll.
The troll is moderately wounded.
The troll closely misses you. You block the troll's attack.
The troll misses you. The troll bites you! The troll claws you. x2
* * * LOW HITPOINT WARNING * * *
You completely miss the troll.
The troll is moderately wounded.
The troll bites you!
* * * LOW HITPOINT WARNING * * *
The troll claws you!
* * * LOW HITPOINT WARNING * * *
You block the troll's attack.
You slash the troll! You burn the troll.
The troll is severely wounded.
The troll bites you but does no damage. You block the troll's attack.
The troll claws you!
You die...

#.# .# #.# .#
#.# .# #.##.#
#.##.#
#######.##.#
........##.##
####
#..T@....###
...
#.####.....#
... #.)...#
... #.....#
#.# # #.....#
#.# #.
#.....#
#.#### .###
##.####
#....# ..#
#.# .....#
#.########.#


You could see a troll.

Vanquished Creatures
  Maggie (D:6)
  Grinder (D:4)
  Edmund (D:4)
  A water moccasin (D:6)
  Purgy (D:4)
  2 sky beasts (D:6)
  An ice beast (D:6)
  2 black bears (D:5)
  3 necrophages
  2 ogres
  2 centaurs
  A phantom (D:5)
  A bullfrog (D:7)
  Blork the orc (D:4)
  A water moccasin zombie (D:5)
  An orc priest (D:7)
  4 centaur skeletons
  2 hounds
  A jelly (D:7)
  An iguana (D:6)
  Ijyb (D:5)
  An orc wizard (D:5)
  Terence (D:3)
  3 hound skeletons
  7 gnolls
  A howler monkey skeleton (D:5)
  5 adders
  A white imp (D:6)
  A worm (D:2)
  3 dart slugs
  7 orcs
  2 ball pythons (D:1)
  4 endoplasms
  6 giant cockroaches
  4 goblins
  4 hobgoblins
  26 jackals
  3 kobolds
  2 quokkas
  3 bats
  4 frilled lizards
  6 rats
125 creatures vanquished.

Vanquished Creatures (others)
  3 plants (D:6)
3 creatures vanquished.

Grand Total: 128 creatures vanquished

Notes
Turn   | Place    | Note
-------+----------+-------------------------------------------
     0 | D:1      | kae the Hill Orc Fighter began the quest for the Orb.
     0 | D:1      | Reached XP level 1. HP: 19/19 MP: 1/1
     2 | D:1      | Noticed a barachi
     2 | D:1      | Noticed an ogre
     4 | D:1      | Noticed an elf
     4 | D:1      | Noticed a demigod
     6 | D:1      | Noticed an octopode
     6 | D:1      | Noticed a merfolk
     8 | D:1      | Noticed a felid
     8 | D:1      | Noticed a draconian
    10 | D:1      | Noticed a ghoul
    10 | D:1      | Noticed a gargoyle
    12 | D:1      | Noticed a dwarf
    14 | D:1      | Noticed a spriggan
    16 | D:1      | Noticed a djinni
    16 | D:1      | Noticed a human
    18 | D:1      | Noticed a formicid
    20 | D:1      | Noticed a vampire
    20 | D:1      | Noticed a palentonga
    22 | D:1      | Noticed a naga
    22 | D:1      | Noticed a minotaur
    24 | D:1      | Noticed a demonspawn
    24 | D:1      | Noticed a vine stalker
    26 | D:1      | Noticed a tengu
    26 | D:1      | Noticed a troll
    52 | D:1      | Reached skill level 3 in Axes
   145 | D:1      | Reached XP level 2. HP: 24/27 MP: 2/2
   453 | D:1      | Reached skill level 4 in Axes
   545 | D:1      | Reached XP level 3. HP: 33/33 MP: 3/3
  1248 | D:2      | Reached XP level 4. HP: 17/41 MP: 4/4
  1461 | D:2      | Reached skill level 5 in Axes
  1913 | D:2      | Found a faded altar of an unknown god.
  2327 | D:3      | Reached XP level 5. HP: 36/47 MP: 5/5
  2648 | D:3      | Noticed Terence
  2689 | D:3      | Killed Terence
  2690 | D:3      | Reached skill level 5 in Fighting
  2690 | D:3      | Reached skill level 6 in Axes
  3193 | D:4      | Noticed Purgy
  3216 | D:4      | Killed Purgy
  3217 | D:4      | Reached skill level 7 in Axes
  3217 | D:4      | Reached XP level 6. HP: 50/56 MP: 3/6
  3339 | D:4      | Noticed Blork the orc
  3345 | D:4      | Killed Blork the orc
  3449 | D:4      | Noticed Edmund
  3705 | D:4      | Reached skill level 8 in Axes
  3705 | D:4      | Reached XP level 7. HP: 42/63 MP: 4/7
  4052 | D:4      | Found a glowing silver altar of Zin.
  4084 | D:4      | Found an opulent altar of Gozag.
  4111 | D:4      | Noticed Grinder
  4116 | D:4      | Paralysed by Grinder for 7 turns
  4129 | D:4      | Killed Grinder
  4130 | D:4      | Reached skill level 9 in Axes
  4711 | D:4      | Killed Edmund
  4712 | D:4      | Reached XP level 8. HP: 35/73 MP: 4/8
  5081 | D:5      | Entered Level 5 of the Dungeon
  5163 | D:5      | Reached skill level 10 in Axes
  5712 | D:5      | Noticed Ijyb
  5725 | D:5      | Killed Ijyb
  5778 | D:5      | Reached skill level 11 in Axes
  6274 | D:6      | Reached XP level 9. HP: 44/82 MP: 5/9
  6480 | D:6      | Found a blossoming altar of Fedhas.
  6502 | D:6      | Found a staircase to the Ecumenical Temple.
  6505 | D:6      | Reached skill level 12 in Axes
  6515 | Temple   | Entered the Ecumenical Temple
  6635 | Temple   | Became a worshipper of Qazlal Stormbringer
  6658 | D:6      | Found an ancient bone altar of Kikubaaqudgha.
  6839 | D:6      | Found a snail-covered altar of Cheibriados.
  6886 | D:6      | Reached skill level 1 in Invocations
  7273 | D:6      | Noticed Maggie
  7302 | D:6      | Killed Maggie
  7516 | D:6      | Found a radiant altar of Vehumet.
  7972 | D:7      | Found a runed translucent door.
  7973 | D:7      | Noticed Crazy Yiuf
  8169 | D:7      | Reached skill level 13 in Axes
  8178 | D:7      | Noticed a troll
  8187 | D:7      | HP: 4/84 [troll (9)]
  8188 | D:7      | Mangled by a troll

Illustrated notes

Levels and vault maps discovered:
D:1:      kb_arrival_jail, layout_basic
D:2:      layout_basic, shapermc_ecumenical_altar_totnotflames
D:3:      layout_basic, kennysheep_generic_room_3, uniq_terence
D:4:      layout_basic, pdpol_temple_overflow_zin_treasury_gozag_greed,
          uniq_edmund, uniq_blork_the_orc, uniq_grinder, uniq_purgy
D:5:      layout_loops_ring, uniq_ijyb
D:6:      layout_basic, amcnicky_altar_gilded, overflow_temple_1_default,
          fiery_altar_vehumet, fedhas_altar_2, minmay_temple_entry_overgrown,
          uniq_maggie
D:7:      layout_loops_ring, uniq_joseph, uniq_pikel, uniq_crazy_yiuf_cottage,
          uniq_menkaure
Temple:   lightli_temple_of_artemis

Skill      XL: |  1  2  3  4  5  6  7  8  9 |
---------------+----------------------------+-----
Axes           | 3 4 5 7 8 9 11 13 | 13.0
Fighting       | 4 5 6 7 8 9 |  9.4
Invocations    | 3 |  3.6
Armour         | |  3.2
Shields        | |  3.2

Action                   |  1- 3 |  4- 6 |  7- 9 || total
-------------------------+-------+-------+-------++-------
Melee: War axe           |    88 |   133 |   252 ||   473
       Unarmed           |       |    14 |       ||    14
  Use: Scroll            |     1 |     3 |     7 ||    11
       Potion            |       |     2 |     2 ||     4
Armor: Scale mail        |    62 |    57 |    70 ||   189
       Skin              |       |     7 |       ||     7
Dodge: Dodged            |    42 |    53 |    73 ||   168
Block: Kite shield       |    75 |    65 |   123 ||   263

Table legend: (Time is in decaauts)
 A = Elapsed time spent in this place.
 B = Non-inter-level travel time spent in this place.
 C = Inter-level travel time spent in this place.
 D = Time resting spent in this place.
 E = Time spent auto-exploring this place.
 F = Levels seen in this place.
 G = Mean time per level.
                   A        B        C        D        E       F      G
               +--------+--------+--------+--------+--------+-----+--------+
         Total |   8336 |   8188 |    148 |   1305 |   5734 |   8 | 1042.0 |
       Dungeon |   8204 |   8066 |    138 |   1305 |   5632 |   7 | 1172.0 |
        Temple |    131 |    121 |     10 |      0 |    102 |   1 |  131.0 |
               +--------+--------+--------+--------+--------+-----+--------+

Top non-repeatable levels by time:
     D:4: 1987 daAuts
     D:6: 1534 daAuts
     D:1: 1413 daAuts
     D:3: 1063 daAuts
     D:5: 1015 daAuts
     D:2: 908 daAuts
     D:7: 283 daAuts
  Temple: 131 daAuts
